 Dungeon Crawl Stone Soup version 0.30-a0-585-g93115170b9 (webtiles) character file.

Game seed: 3934790706489455652

62 Crownlay the Carver (level 4, -2/32 HPs)
             Began as a Gnoll Wanderer on Jan 1, 2023.
             Slain by a goblin
             ... wielding a +0 club
             ... led by Robin
              (3 damage)
             ... on level 2 of the Dungeon.
             The game lasted 00:03:53 (912 turns).

Crownlay the Carver (Gnoll Wanderer)                 Turns: 912, Time: 00:03:54

Health: -2/32      AC:  8    Str:  9    XL:     4   Next: 8%
Magic:  6/6        EV:  4    Int: 11    God:
Gold:   144        SH:  0    Dex: 16    Spells: 5/5 levels left

rFire   . . .      SeeInvis .    a - +2 falchion
rCold   . . .      Faith    .    (no shield)
rNeg    . . .      Spirit   .    p - +0 chain mail
rPois   .          Reflect  .    (no helmet)
rElec   .          Harm     .    (no cloak)
rCorr   .          Rampage  .    (no gloves)
Will    .....                    (no boots) Stlth
                                 (no amulet)
HPRegen 0.25/turn                (no ring)
MPRegen 0.10/turn                (no ring)

@: no status effects
A: fangs 1, strong nose, distributed training
a: no special abilities


You were on level 2 of the Dungeon.
You visited 1 branch of the dungeon, and saw 2 of its levels.

You collected 144 gold pieces.

Inventory:

Hand Weapons
 a - a +2 falchion (weapon)
 b - a +0 quarterstaff
Armour
 p - a +0 chain mail (worn)
Jewellery
 n - a ring of see invisible
 s - a ring of flight
Wands
 c - a wand of polymorph (6) (quivered)
Scrolls
 f - 2 scrolls of immolation
 h - a scroll of teleportation {unknown}
 i - a scroll of blinking {unknown}
 k - a scroll of identify
 m - a scroll of poison {unknown}
 o - a scroll of butterflies {unknown}
 r - a scroll of fear {unknown}
 t - a scroll of acquirement {unknown}
Potions
 d - 2 potions of berserk rage
 e - a potion of heal wounds
 g - a potion of brilliance {unknown}
 j - a potion of attraction {unknown}
 l - a potion of mutation {unknown}
 q - a potion of resistance {unknown}


   Skills:
 + Level 1.0 Fighting
 + Level 1.0 Short Blades
 + Level 10.4 Long Blades
 + Level 1.0 Axes
 + Level 1.0 Maces & Flails
 + Level 1.0 Polearms
 + Level 4.6 Staves
 + Level 1.0 Ranged Weapons
 + Level 1.0 Throwing
 + Level 2.7 Armour
 + Level 1.0 Dodging
 + Level 1.0 Stealth
 + Level 1.0 Shields
 + Level 1.0 Unarmed Combat
 + Level 1.0 Spellcasting
 + Level 0.8 Conjurations
 + Level 0.8 Hexes
 + Level 0.8 Summonings
 + Level 0.8 Necromancy
 + Level 0.8 Translocations
 + Level 0.8 Transmutations
 + Level 0.8 Fire Magic
 + Level 0.8 Ice Magic
 + Level 0.8 Air Magic
 + Level 0.8 Earth Magic
 + Level 0.8 Poison Magic
 + Level 2.8 Invocations
 + Level 2.7 Evocations


You had 5 spell levels left.
You didn't know any spells.
Your spell library was empty.

Dungeon Overview and Level Annotations

Branches:
Dungeon (2/15)

Altars:

Annotations:
D:2 Robin


Innate Abilities, Weirdness & Mutations

You have very sharp teeth.
Your uncanny sense of smell can sniff out nearby items.
Your experience applies equally to all skills.


Message History

The goblins go into a battle-frenzy!
A goblin comes into view. It is wielding a +0 club.
A hobgoblin comes into view.
The hobgoblin shouts!
A goblin comes into view. It is wielding a +0 club.
The goblin shouts!
Robin throws the goblin at you! The hobgoblin hits you.
The goblin barely misses you. The hobgoblin barely misses you.
You closely miss the hobgoblin. You closely miss the hobgoblin.
The hobgoblin hits you but does no damage.
The goblin hits you but does no damage. The hobgoblin hits you.
You hit the hobgoblin.
The hobgoblin is moderately wounded.
The hobgoblin hits you but does no damage.
The goblin hits you but does no damage. The hobgoblin hits you. x2
You slash the hobgoblin!
You kill the hobgoblin!
Robin throws the goblin at you! The goblin barely misses you.
The goblin hits you but does no damage. x2
You are too injured to fight recklessly!
You are too injured to fight recklessly!
You are too injured to fight recklessly!
You are too injured to fight recklessly!
As you read the scroll labelled MOZUOTHUKKE, it crumbles to dust.
The creatures around you are filled with an inner flame!
It was a scroll of immolation.
Robin throws the goblin at you! The hobgoblin hits you.
The goblin barely misses you. The goblin hits you but does no damage.
The goblin hits you with a +0 club.
* * * LOW HITPOINT WARNING * * *
The hobgoblin hits you.
* * * LOW HITPOINT WARNING * * *
The goblin hits you but does no damage.
As you read the scroll labelled QIMIJO GIOGOM, it crumbles to dust.
It is a scroll of identify.
e - a potion of heal wounds The goblin hits you but does no damage.
The goblin hits you with a +0 dagger.
* * * LOW HITPOINT WARNING * * *
The goblin hits you with a +0 club.
You die...

....####.###..####.###
###......###.###...#
#####..†.........#
####.........#
#.............#####
....###..#..........#
## ...#..........#
..###..ggg.....# ...
#.gg@g.....# ∆...#
#.gggg.....# .#
#..gg......#
..#....######
.......... .
........... #
........... .
..........# .


You could see Robin (inner flame), 3 hobgoblins and 8 goblins.

Vanquished Creatures
  2 adders (D:2)
  6 endoplasms
  5 goblins
  5 hobgoblins
  4 jackals
  3 quokkas
  2 ball pythons
  5 bats
  A frilled lizard (D:2)
  4 kobolds (D:1)
  2 rats
39 creatures vanquished.

Vanquished Creatures (others)
  3 withered plants (D:1)
3 creatures vanquished.

Grand Total: 42 creatures vanquished

Notes
Turn   | Place    | Note
-------+----------+-------------------------------------------
     0 | D:1      | Reached skill level 10 in Long Blades
     0 | D:1      | Crownlay the Gnoll Wanderer began the quest for the Orb.
     0 | D:1      | Crownlay set off with the following items: a +2 falchion, a
                  | +0 quarterstaff, a wand of polymorph (7), a potion of
                  | berserk rage, a +0 robe.
     0 | D:1      | Reached XP level 1. HP: 13/13 MP: 2/2
    65 | D:1      | Reached XP level 2. HP: 19/19 MP: 3/3
   259 | D:1      | Found a faded altar of an unknown god.
   592 | D:2      | Reached XP level 3. HP: 25/25 MP: 4/4
   777 | D:2      | Reached skill level 1 in Fighting
   777 | D:2      | Reached skill level 1 in Short Blades
   777 | D:2      | Reached skill level 1 in Axes
   777 | D:2      | Reached skill level 1 in Maces & Flails
   777 | D:2      | Reached skill level 1 in Polearms
   777 | D:2      | Reached skill level 1 in Ranged Weapons
   777 | D:2      | Reached skill level 1 in Throwing
   777 | D:2      | Reached skill level 1 in Dodging
   777 | D:2      | Reached skill level 1 in Stealth
   777 | D:2      | Reached skill level 1 in Shields
   777 | D:2      | Reached skill level 1 in Unarmed Combat
   777 | D:2      | Reached skill level 1 in Spellcasting
   824 | D:2      | Reached XP level 4. HP: 32/32 MP: 6/6
   904 | D:2      | Noticed Robin
   912 | D:2      | HP: 1/32 [goblin/+0 dagger[Robin] (1)]
   912 | D:2      | Slain by a goblin

Illustrated notes

Levels and vault maps discovered:
D:1:      wander_arrival_peaceful_grave, layout_basic,
          ebering_ecumenical_altar_petrified
D:2:      layout_rooms, uniq_robin

Skill      XL: |  1  2  3 |
---------------+----------+-----
Long Blades    | | 10.4
Fighting       | 1 |  1.0
Short Blades   | 1 |  1.0
Axes           | 1 |  1.0
Maces & Flails | 1 |  1.0
Polearms       | 1 |  1.0
Ranged Weapons | 1 |  1.0
Throwing       | 1 |  1.0
Dodging        | 1 |  1.0
Stealth        | 1 |  1.0
Shields        | 1 |  1.0
Unarmed Combat | 1 |  1.0
Spellcasting   | 1 |  1.0
Staves         | |  4.6
Armour         | |  2.7
Conjurations   | |  0.8
Hexes          | |  0.8
Summonings     | |  0.8
Necromancy     | |  0.8
Translocations | |  0.8
Transmutations | |  0.8
Fire Magic     | |  0.8
Ice Magic      | |  0.8
Air Magic      | |  0.8
Earth Magic    | |  0.8
Poison Magic   | |  0.8
Invocations    | |  2.8
Evocations     | |  2.7

Action                   |  1- 3 |  4- 6 || total
-------------------------+-------+-------++-------
Melee: Falchion          |    83 |     9 ||    92
       Punch             |     2 |       ||     2
       Bite              |     3 |       ||     3
Evoke: Wand              |     1 |       ||     1
  Use: Scroll            |       |     2 ||     2
Armor: Robe              |     1 |       ||     1
       Leather armour    |     7 |       ||     7
       Chain mail        |    28 |    11 ||    39
Dodge: Dodged            |    30 |     5 ||    35

Table legend: (Time is in decaauts)
 A = Elapsed time spent in this place.
 B = Non-inter-level travel time spent in this place.
 C = Inter-level travel time spent in this place.
 D = Time resting spent in this place.
 E = Time spent auto-exploring this place.
 F = Levels seen in this place.
 G = Mean time per level.
                   A        B        C        D        E       F      G
               +--------+--------+--------+--------+--------+-----+--------+
         Total |    891 |    862 |     29 |      0 |    627 |   2 |  445.5 |
       Dungeon |    891 |    862 |     29 |      0 |    627 |   2 |  445.5 |
               +--------+--------+--------+--------+--------+-----+--------+

Top non-repeatable levels by time:
     D:1: 576 daAuts
     D:2: 314 daAuts
